 Dungeon Crawl Stone Soup version 0.21.1-1-g345015f (webtiles) character file.

212 vatarom the Twirler (level 5, -5/41 HPs)
             Began as a Demonspawn Gladiator on May 3, 2018.
             Slain by Duvessa
             ... wielding a +0 short sword
              (6 damage)
             ... on level 4 of the Dungeon.
             The game lasted 00:07:57 (2466 turns).

vatarom the Twirler (Demonspawn Gladiator)          Turns: 2466, Time: 00:07:58

Health: -5/41      AC:  4    Str: 15    XL:     5   Next: 58%
Magic:  5/5        EV: 12    Int:  9    God:
Gold:   70         SH:  0    Dex: 24    Spells: 4/4 levels left

rFire    . . .     SeeInvis .   a - +0 quarterstaff
rCold    . . .     Gourm    .   (shield currently unavailable)
rNeg     + . .     Faith    +   o - +0 scale mail {rN+}
rPois    .         Spirit   .   c - +0 helmet
rElec    .         Reflect  .   (no cloak)
rCorr    .         Harm     .   (no gloves)
MR       +....                  (no boots)
Stlth    ++........             h - amulet of faith
HPRegen  0.13/turn              n - +5 ring of dexterity
MPRegen  0.09/turn              (no ring)

@: no status effects
A: talons 2, thin skeletal structure 2, deformed body, magic resistance 1
a: no special abilities


You were on level 4 of the Dungeon.
You were very hungry.

You visited 1 branch of the dungeon, and saw 4 of its levels.

You collected 70 gold pieces.

Inventory:

Hand Weapons
 a - a +0 quarterstaff (weapon)
Armour
 b - a +0 leather armour
 c - a +0 helmet (worn)
 o - a +0 scale mail of positive energy (worn)
Jewellery
 h - an amulet of faith (around neck)
 n - a +5 ring of dexterity (left hand)
Scrolls
 e - a scroll of fog
 g - a scroll of noise {unknown}
 i - a scroll of identify
 j - a scroll of amnesia {unknown}
 k - a scroll of enchant weapon {unknown}
 l - a scroll of teleportation {unknown}
 q - a scroll of enchant armour {unknown}
Potions
 m - a potion of cancellation
Comestibles
 f - 5 rations


   Skills:
 + Level 3.1 Fighting
 * Level 4.6 Staves
 - Level 2.0 Throwing
 - Level 0.6 Armour
 - Level 3.5 Dodging


You had 4 spell levels left.
You didn't know any spells.

Dungeon Overview and Level Annotations

Branches:
Dungeon (4/15)
 Temple: D:4-7

Altars:
Elyvilon
Zin

Annotations:
D:4 Dowan, Duvessa


Innate Abilities, Weirdness & Mutations

You have razor-sharp toenails.
You have a moderately thin skeletal structure. (Dex +4, Stealth+)
Armour fits poorly on your strangely shaped body.
You are resistant to hostile enchantments. (MR+)


Message History

* * * LOW HITPOINT WARNING * * *
Throwing (i - inventory):
d - 2 throwing nets (quivered)
Press: ? - help, Shift-Dir - straight line, f/p - Duvessa
Aim: Duvessa, wielding a short sword and wearing a leather armour (almost dead)
You throw a throwing net. The throwing net barely misses Duvessa.
Duvessa says, "When magic and the sword combine, nothing stands against them."
Duvessa barely misses you. Dowan closely misses you.
Throwing (i - inventory):
d - a throwing net (quivered)
Press: ? - help, Shift-Dir - straight line, f/p - Duvessa
Aim: Duvessa, wielding a short sword and wearing a leather armour (almost dead)
You throw a throwing net.
The throwing net closely misses Duvessa.
Duvessa hits you with a short sword.
* * * LOW HITPOINT WARNING * * *
Dowan hits you but does no damage.
As you read the scroll labeled ICZAZU VETEQ, it crumbles to dust.
It is a scroll of identify.
e - a scroll of fog Duvessa hits you with a short sword.
You die...

#...# #...#
#...# #...#
#...#
#####..$#
........#
#####.#.###
#...e@#
###.#e#
...%....#.#
#########.#
#.# #.# #.#
#(#


You could see Duvessa and Dowan.

Vanquished Creatures
  A phantom (D:3)
  4 adders
  3 worms
  4 dart slugs
  3 leopard geckos
  An orc (D:3)
  A ball python (D:2)
  3 giant cockroaches
  6 goblins
  7 hobgoblins
  8 jackals
  2 quokkas
  5 bats
  5 frilled lizards
  6 kobolds
  4 rats
63 creatures vanquished.

Notes
Turn   | Place    | Note
-------+----------+-------------------------------------------
     0 | D:1      | vatarom the Demonspawn Gladiator began the quest for the Orb.
     0 | D:1      | Reached XP level 1. HP: 16/16 MP: 1/1
   253 | D:1      | Gained mutation: You have sharp toenails. [demonic ancestry]
   253 | D:1      | Reached XP level 2. HP: 21/22 MP: 2/2
   399 | D:1      | Reached skill level 3 in Staves
   682 | D:1      | Gained mutation: You have a somewhat thin skeletal structure. (Dex +2, Stealth) [demonic ancestry]
   682 | D:1      | Reached XP level 3. HP: 10/27 MP: 3/3
  1131 | D:2      | Found a glowing silver altar of Zin.
  1131 | D:2      | Noticed an angel
  1314 | D:2      | Gained mutation: You have razor-sharp toenails. [demonic ancestry]
  1314 | D:2      | Reached XP level 4. HP: 32/33 MP: 4/4
  1425 | D:3      | Found a white marble altar of Elyvilon.
  2026 | D:3      | Noticed a phantom
  2042 | D:3      | Gained mutation: Armour fits poorly on your strangely shaped body. [potion of mutation]
  2042 | D:3      | Gained mutation: You are resistant to hostile enchantments. (MR+) [potion of mutation]
  2042 | D:3      | Gained mutation: Your magical capacity is low. (-10% MP) [potion of mutation]
  2042 | D:3      | Lost mutation: Your magical capacity is low. (-10% MP) [potion of mutation]
  2090 | D:3      | Killed a phantom
  2090 | D:3      | Reached skill level 4 in Staves
  2090 | D:3      | Gained mutation: You have a moderately thin skeletal structure. (Dex +4, Stealth+) [demonic ancestry]
  2090 | D:3      | Reached XP level 5. HP: 27/41 MP: 5/5
  2440 | D:4      | Noticed Duvessa
  2441 | D:4      | Noticed Dowan
  2465 | D:4      | HP: 1/41 [Duvessa/short sword (4)]
  2466 | D:4      | Slain by Duvessa

Skill      XL: |  1  2  3  4 |
---------------+-------------+-----
Throwing       | 2 |  2.0
Staves         | 3 4 |  4.6
Dodging        | 3 |  3.5
Fighting       | 3 |  3.1
Armour         | |  0.6

Action                   |  1- 3 |  4- 6 || total
-------------------------+-------+-------++-------
Melee: Quarterstaff      |   106 |    84 ||   190
       Kick              |    22 |    20 ||    42
Throw: Throwing net      |       |     3 ||     3
  Use: Potion            |     1 |     5 ||     6
       Scroll            |     1 |     1 ||     2
 Stab: Sleeping          |     1 |     9 ||    10
       Distracted        |       |     1 ||     1
       Held in net/web   |       |     1 ||     1
  Eat: Chunk             |     1 |     3 ||     4
Armor: Leather armour    |    51 |     7 ||    58
       Skin              |       |    13 ||    13
       Scale mail        |       |     6 ||     6
Dodge: Dodged            |   118 |    30 ||   148
